 Dungeon Crawl Stone Soup version 0.32-a0-673-g3729bd50f8 (webtiles) character file.

Game seed: 6540420998586508298

511 hikkokomori the Trooper (level 7, -2/56 HPs)
             Began as a Coglin Berserker on Mar 10, 2024.
             Was a Priest of Trog.
             Slain by an ogre
             ... wielding a +0 giant spiked club
              (22 damage)
             ... on level 4 of the Dungeon.
             The game lasted 00:05:04 (2524 turns).

hikkokomori the Trooper (Coglin Berserker)          Turns: 2524, Time: 00:05:04

Health: -2/56      AC:  9    Str: 18    XL:     7   Next: 19%
Magic:  7/7        EV:  8    Int:  6    God:    Trog [***...]
Gold:   203        SH:  0    Dex: 15    Spells: 6/6 levels left

rFire   . . .        a - +0 hand axe {Bunsong}
rCold   . . .        e - +0 dagger (drain) {José}
rNeg    . . .        r - +0 chain mail
rPois   .            (no helmet)
rElec   .            (no cloak)
rCorr   .            (no gloves)
SInv    .            m - +0 pair of boots
Will    .....        (amulet unavailable) Stlth
                     (ring unavailable)
HPRegen 0.29/turn    (ring unavailable)
MPRegen 0.10/turn    (no gizmo)

%: no passive effects
@: revved
A: off-hand wielding, slow wielding, warmup strikes, no jewellery
a: Invent Gizmo, Renounce Religion, Berserk, Trog's Hand


You were on level 4 of the Dungeon.
You worshipped Trog.
Trog was most pleased with you.
You visited 1 branch of the dungeon, and saw 4 of its levels.

You collected 203 gold pieces.

Inventory:

Hand Weapons
 a - a +0 hand axe (weapon) {Bunsong}
 c - a +0 dagger {Yawen}
 e - a +0 dagger of draining (offhand) {José}
Missiles
 g - 3 javelins (quivered)
Armour
 b - a +0 animal skin
 m - a +0 pair of boots (worn)
 r - a +0 chain mail (worn)
Scrolls
 d - a scroll of enchant armour {unknown}
 f - a scroll of blinking {unknown}
 i - 4 scrolls of identify {unknown}
 j - a scroll of fear {unknown}
 k - a scroll of fog {unknown}
 n - 2 scrolls of teleportation {unknown}
 q - a scroll of butterflies {unknown}
Potions
 h - a potion of lignification {unknown}
 l - a potion of curing
 o - 2 potions of ambrosia {unknown}
 p - a potion of might {unknown}


   Skills:
 + Level 5.1 Fighting
 + Level 3.3 Short Blades
 + Level 5.1 Axes
 - Level 2.1 Armour
 - Level 2.1 Dodging


You had 6 spell levels left.
You didn't know any spells.
Your spell library was empty.

Dungeon Overview and Level Annotations

Branches:
Dungeon (4/15)
 Temple: D:4-7

Altars:


Innate Abilities, Weirdness & Mutations

You can wield a second weapon in your off-hand.
It takes a long time for you to wield or remove held weapons.
Your first few attacks do less damage.
You cannot equip rings or amulets.


Message History

The hound closely misses you. The kobold barely misses you.
You hit the hound but do no damage. You drain the hound.
The hound is severely wounded.
You barely miss the hound with your +0 hand axe.
You hit the kobold with your +0 hand axe.
You kill the kobold!
Trog accepts your kill. The hound barely misses you.
You hit the hound but do no damage. You drain the hound.
The hound is severely wounded.
You closely miss the hound with your +0 hand axe.
The hound bites you.
You hit the hound with your +0 dagger of draining.
You drain the hound.
You kill the hound!
Trog accepts your kill.
Your Axes skill increases to level 5!
You closely miss the hound with your +0 hand axe.
The hound is severely wounded.
You barely miss the hound with your +0 dagger of draining.
The hound bites you. The hound bites you but does no damage.
You hit the hound with your +0 hand axe.
You kill the hound!
Trog accepts your kill.
You completely miss the ogre with your +0 hand axe.
You closely miss the ogre with your +0 dagger of draining.
The ogre hits you with a +0 giant spiked club!
You hit the ogre but do no damage. x2
You hit the ogre with your +0 dagger of draining.
The ogre is lightly wounded.
You hit the ogre with your +0 hand axe.
The ogre hits you with a +0 giant spiked club!!
You completely miss the ogre with your +0 dagger of draining.
The ogre is lightly wounded.
You barely miss the ogre with your +0 hand axe.
You hit the ogre but do no damage.
The ogre is lightly wounded.
You barely miss the ogre with your +0 hand axe.
The ogre hits you with a +0 giant spiked club!!
You die...

.........................))
..........###......#.#####)
.........########..........
.#........## ##.........
#####.##..## ##ß...).ß#
#.###..# #....)))# #.†..#.#
##.....## ####)#..#
#.......# #@# ... ##.....##
#O# ## #.......# ...
#ß.....ß# #.... #.......#
...#.# ######### .##.#.. #
#..... #.. .## . ..


You could see an ogre.

Vanquished Creatures
  2 ogres (D:4)
  A scorpion (D:4)
  A howler monkey (D:4)
  2 bombardier beetles
  2 hounds (D:4)
  3 adders
  A ribbon worm (D:2)
  2 dart slugs (D:1)
  3 orcs (D:3)
  9 endoplasms
  A giant cockroach (D:3)
  18 goblins
  9 hobgoblins
  6 jackals
  7 ball pythons
  6 bats
  4 frilled lizards
  10 kobolds
  3 rats
90 creatures vanquished.

Notes
Turn   | Place    | Note
-------+----------+-------------------------------------------
     0 | D:1      | hikkokomori the Coglin Berserker began the quest for the
                  | Orb.
     0 | D:1      | Reached XP level 1. HP: 18/18 MP: 1/1
   179 | D:1      | Reached XP level 2. HP: 20/24 MP: 2/2
   493 | D:1      | Reached XP level 3. HP: 28/29 MP: 3/3
   520 | D:1      | Found a faded altar of an unknown god.
   534 | D:1      | Reached ** piety under Trog
  1447 | D:2      | Reached skill level 1 in Short Blades
  1447 | D:2      | Reached XP level 4. HP: 36/36 MP: 4/4
  1963 | D:3      | Reached XP level 5. HP: 37/42 MP: 5/5
  2324 | D:4      | Reached *** piety under Trog
  2356 | D:4      | Noticed an ogre
  2359 | D:4      | Noticed an ogre
  2381 | D:4      | Reached XP level 6. HP: 33/49 MP: 6/6
  2513 | D:4      | Reached skill level 5 in Fighting
  2513 | D:4      | Reached XP level 7. HP: 50/56 MP: 7/7
  2518 | D:4      | Reached skill level 5 in Axes
  2524 | D:4      | Slain by an ogre

Illustrated notes

Levels and vault maps discovered:
D:1:      dpeg_cavernosity, layout_basic, hellmonk_ecumenical_altar_arch_garden,
          minmay_pentomino_r2
D:2:      layout_basic
D:3:      layout_rooms, chequers_serial_rivers_room_b
D:4:      kennysheep_the_goblin_king, layout_rooms,
          mainiacjoe_overflow_large_starburst,
          minmay_temple_entry_statues_pillars, minmay_fractal_squares_diagonal_5

Skill      XL: |  1  2  3  4  5  6  7 |
---------------+----------------------+-----
Armour         | 2 |  2.1
Dodging        | 2 |  2.1
Short Blades   | 1 2 3 |  3.3
Fighting       | 4 5 |  5.1
Axes           | 4 5 |  5.1

Action                     |  1- 3 |  4- 6 |  7- 9 || total
---------------------------+-------+-------+-------++-------
  Melee: Dagger            |    79 |    85 |    11 ||   175
         Hand axe          |    80 |    83 |    11 ||   174
 Invoke: Berserk           |     1 |     2 |       ||     3
    Use: Potion            |       |     1 |       ||     1
   Stab: Sleeping          |       |     1 |       ||     1
 Armour: Animal skin       |    45 |    34 |       ||    79
         Chain mail        |       |    34 |     6 ||    40
  Dodge: Dodged            |    50 |    48 |     4 ||   102

Table legend: (Time is in decaauts)
 A = Elapsed time spent in this place.
 B = Non-inter-level travel time spent in this place.
 C = Inter-level travel time spent in this place.
 D = Time resting spent in this place.
 E = Time spent auto-exploring this place.
 F = Levels seen in this place.
 G = Mean time per level.
                   A        B        C        D        E       F      G
               +--------+--------+--------+--------+--------+-----+--------+
         Total |   2551 |   2501 |     50 |      0 |   1899 |   4 |  637.8 |
       Dungeon |   2551 |   2501 |     50 |      0 |   1899 |   4 |  637.8 |
               +--------+--------+--------+--------+--------+-----+--------+

Top non-repeatable levels by time:
     D:1: 921 daAuts
     D:2: 762 daAuts
     D:3: 594 daAuts
     D:4: 273 daAuts
